 Dungeon Crawl Stone Soup version 0.22-a0-247-gbddf880 (webtiles) character file.

25 Gorglomux the Ducker (level 2, 0/23 HPs)
             Began as a Minotaur Earth Elementalist on Feb 25, 2018.
             Succumbed to Jessica's poison
             ... on level 2 of the Dungeon.
             The game lasted 00:01:14 (776 turns).

Gorglomux the Ducker (Minotaur Earth Elementalist)   Turns: 776, Time: 00:01:15

Health: 0/23       AC:  2    Str: 12    XL:     2   Next: 82%
Magic:  3/3        EV: 18    Int: 12    God:
Gold:   94         SH:  0    Dex: 15    Spells: 2/3 levels left

rFire    . . .     SeeInvis .   g - -2 spear (curse)
rCold    . . .     Gourm    .   (no shield)
rNeg     . . .     Faith    .   c - +0 robe
rPois    .         Spirit   .   (helmet restricted)
rElec    .         Reflect  .   (no cloak)
rCorr    .         Harm     .   (no gloves)
MR       .....                  (no boots)
Stlth    +++.......             (no amulet)
HPRegen  0.07/turn              (no ring)
MPRegen  0.08/turn              (no ring)

@: agile, lethally poisoned (0 -> -5)
A: retaliatory headbutt, horns 2
a: no special abilities


You were on level 2 of the Dungeon.
You were not hungry.

You visited 1 branch of the dungeon, and saw 2 of its levels.

You collected 94 gold pieces.

Inventory:

Hand Weapons
 g - a cursed -2 spear (weapon)
Missiles
 b - 58 stones (quivered)
Armour
 c - a +0 robe (worn)
Scrolls
 i - a scroll of teleportation {unknown}
 k - 3 scrolls of identify {unknown}
Comestibles
 d - 2 rations
 h - 2 chunks of flesh


   Skills:
 + Level 1.6 Fighting
 + Level 1.6 Armour
 + Level 2.8 Dodging
 - Level 1.5 Stealth
 - Level 1.3 Spellcasting
   Level 0.7 Transmutations
 - Level 2.4 Earth Magic


You had 2 spell levels left.
You knew the following spells:

 Your Spells              Type           Power        Failure   Level  Hunger
a - Sandblast             Erth           #.....       11%         1    ##.....


Dungeon Overview and Level Annotations

Branches:
Dungeon (2/15)

Altars:

Annotations:
D:2 Jessica


Innate Abilities, Weirdness & Mutations

You reflexively headbutt those who attack you in melee.
You have a pair of horns on your head.


Message History

There is a strange disturbance nearby!!!
You perforate something like a sieve! Something hits you!
You are poisoned!
You closely miss something!
You feel sick! Something hits you!
You are more poisoned!
You perforate something but do no damage!
You feel sick! Butt barely misses you!
You miss something!
You feel sick! Something hits you!
You are more poisoned!
It was a potion of curing!
You feel better! Something hits you!
Butt are poisoned!
It was a potion of agility!
You feel agile all of a sudden!
You feel sick! Something hits you!
You feel sick!
You see here a short sword!
You feel sick!
Pain shoots through your body!!! * * * butt't die
* * *
There is a stone staircase leading up here! rip

#.# ..#### .# #.##.#
.# #.##.### .#
#.##...######.#
#.##<...#.....
#.##.##.#..#.# .
####.#........#.##....
#.....#....).<@....#
#.##<....#.####.......
#.##.?.###.# ###.#.#
#......# #.# #
###.#.## #.# #.#.# #.#
#...# #.# ##### #.#


There were no monsters in sight!

Vanquished Creatures
  A dart slug (D:1)
  A leopard gecko (D:1)
  A giant cockroach (D:1)
  2 goblins (D:1)
  2 hobgoblins (D:1)
  2 jackals (D:1)
  A ball python (D:1)
  6 bats
  A frilled lizard (D:1)
  2 kobolds
  A rat (D:1)
20 creatures vanquished.

Notes
Turn   | Place    | Note
-------+----------+-------------------------------------------
     0 | D:1      | Gorglomux the Minotaur Earth Elementalist began the quest for the Orb.
     0 | D:1      | Reached XP level 1. HP: 14/14 MP: 1/1
   363 | D:1      | Reached skill level 1 in Fighting
   366 | D:1      | Reached skill level 1 in Armour
   366 | D:1      | Reached XP level 2. HP: 15/23 MP: 3/3
   756 | D:2      | Noticed Jessica
   774 | D:2      | HP: 1/23 [something/nerve-wracking pain (11)]
   776 | D:2      | Succumbed to Jessica's poison

Vault maps used:
D:1:      eino_arrival_tree_alley
D:2:      first_ration, minmay_misc_feat_encased, uniq_jessica, uniq_natasha

Skill      XL: |  1 |
---------------+----+-----
Fighting       | 1 |  1.6
Armour         | 1 |  1.6
Dodging        | |  2.8
Stealth        | |  1.5
Spellcasting   | |  1.3
Transmutations | |  0.7
Earth Magic    | |  2.4

Action                   || total
-------------------------++-------
Melee: Spear             ||    55
       Unarmed           ||    13
       Headbutt          ||     7
 Cast: Sandblast         ||     5
  Use: Potion            ||     2
 Stab: Sleeping          ||     3
Armor: Robe              ||    16
Dodge: Dodged            ||    43

Table legend:
 A = Spawn XP
 B = Non-spawn XP
 C = Spawn XP percentage of total XP
 D = Spawn monster count
 E = Non-spawn monster count
 F = Spawn count percentage of total count
 G = Total turns spent on level
                    A         B        C        D         E        F      G
               +---------+---------+-------+---------+---------+-------+---------
         Total |       0 |      36 |   0.0 |       0 |      20 |   0.0 |   776
               +---------+---------+-------+---------+---------+-------+---------
           D:1 |       0 |      33 |   0.0 |       0 |      18 |   0.0 |   745
           D:2 |       0 |       3 |   0.0 |       0 |       2 |   0.0 |    31
               +---------+---------+-------+---------+---------+-------+---------
